 Dungeon Crawl Stone Soup version 0.30-a0-553-g7fabdf1491 (webtiles) character file.

Game seed: 11780665775789332075

44 Zonian the Sneak (level 3, 0/16 HPs)
             Began as a Vine Stalker Wanderer on Dec 27, 2022.
             Succumbed to an adder's poison
             ... on level 2 of the Dungeon.
             The game lasted 00:02:52 (1182 turns).

Zonian the Sneak (Vine Stalker Wanderer)            Turns: 1182, Time: 00:02:53

Health: 0/16       AC:  4    Str: 14    XL:     3   Next: 62%
Magic:  4/6        EV: 11    Int: 14    God:
Gold:   109        SH:  0    Dex: 13    Spells: 3/4 levels left

rFire   . . .      SeeInvis .    f - +1 hand axe (elec)
rCold   . . .      Faith    .    (no shield)
rNeg    . . .      Spirit   +    e - +0 leather armour
rPois   .          Reflect  .    (no helmet)
rElec   .          Harm     .    (no cloak)
rCorr   .          Rampage  .    c - +0 pair of gloves
Will    .....                    (no boots)
Stlth   ++                       (no amulet)
HPRegen 0.22/turn                (no ring)
MPRegen 0.10/turn                (no ring)

@: lethally poisoned (0 -> -11)
A: fangs 2, magic shield, antimagic bite, no potion heal 2
a: no special abilities


You were on level 2 of the Dungeon.
You visited 1 branch of the dungeon, and saw 2 of its levels.

You collected 109 gold pieces.

Inventory:

Hand Weapons
 a - a +2 dagger
 f - a +1 hand axe of electrocution (weapon)
Missiles
 b - 2 curare-tipped darts (quivered)
Armour
 c - a +0 pair of gloves (worn)
 e - a +0 leather armour (worn)
Scrolls
 d - a scroll of fog
 g - 2 scrolls of magic mapping {unknown}
 i - 2 scrolls of identify {unknown}
 k - a scroll of enchant weapon {unknown}
 m - a scroll of amnesia {unknown}
 p - a scroll of blinking {unknown}
Potions
 h - a potion of brilliance {unknown}
 j - a potion of degeneration {unknown}
 l - a potion of magic {unknown}
 n - a potion of heal wounds
 o - a potion of curing {unknown}


   Skills:
 + Level 0.9 Axes
 - Level 2.7 Throwing
 - Level 1.0 Armour
 + Level 3.2 Stealth
 - Level 1.4 Spellcasting
 + Level 0.9 Transmutations
 + Level 2.5 Poison Magic
 - Level 1.1 Invocations


You had 3 spell levels left.
You knew the following spells:

 Your Spells              Type           Power      Damage    Failure   Level
a - Sting                 Tmut/Pois      20%        1d4       16%         1

Your spell library contained the following spells:

 Spells                   Type           Power      Damage    Failure   Level
 Ignite Poison            Fire/Tmut/Pois 4%         N/A       50%         3


Dungeon Overview and Level Annotations

Branches:
Dungeon (2/15)

Altars:


Innate Abilities, Weirdness & Mutations

You have extremely sharp teeth.
When hurt, damage is shared between your health and your magic reserves.
Your bite disrupts and absorbs the magic of your enemies.
Potions cannot restore your health.


Message History

A frilled lizard comes into view.
Unknown command.
Found a dented garnet amulet.
Found a stone staircase leading up.
The helpless frilled lizard fails to defend itself.
You hit the frilled lizard.
Lightning courses through the frilled lizard!!
You kill the frilled lizard!
Unknown command.
A hobgoblin comes into view.
The hobgoblin shouts!
You hear a shout! x2
Found a mace.
An adder comes into view.
You hit the hobgoblin.
You kill the hobgoblin!
You hit the adder. You bite the adder. You drain its power.
The adder is moderately wounded.
The adder bites you.
You are poisoned.
The adder poisons you!
You hit the adder but do no damage.
The adder is moderately wounded.
You feel sick.
The adder bites you but does no damage. x2
You hit the adder.
The adder is severely wounded.
You feel sick.
A goblin comes into view. It is wielding a +0 dagger.
The adder bites you.
You are more poisoned.
The adder poisons you! The adder bites you.
You are more poisoned.
The adder poisons you!
You are too injured to fight recklessly!
You hit the adder. Lightning courses through the adder!!
You kill the adder!
* * * LOW HITPOINT WARNING * * *
You feel very sick.
Unknown command.
It was a potion of heal wounds.
That seemed strangely inert.
You die...

#....<.#
.#######.#
.......#.#
#...######
#........#
##.>.####.#
.###.....#...#
...<..........#
#.###.....#.@.#
##...###g"#
##.## #..# #..
..... ...
##.### ###. .#
). ##


You could see a goblin.

Vanquished Creatures
  An adder (D:2)
  A dart slug (D:1)
  6 ball pythons (D:1)
  3 bats (D:1)
  2 endoplasms (D:1)
  3 goblins (D:1)
  6 hobgoblins
  A quokka (D:1)
  4 frilled lizards
  2 kobolds (D:1)
  2 rats (D:1)
31 creatures vanquished.

Notes
Turn   | Place    | Note
-------+----------+-------------------------------------------
     0 | D:1      | Zonian the Vine Stalker Wanderer began the quest for the
                  | Orb.
     0 | D:1      | Zonian set off with the following items: a +2 dagger, 4
                  | curare-tipped darts, a +0 pair of gloves, a scroll of fog,
                  | a +0 leather armour; and the following spell memorised:
                  | Sting; and the following spells available to memorise:
                  | Ignite Poison.
     0 | D:1      | Reached XP level 1. HP: 9/9 MP: 3/3
   262 | D:1      | Reached XP level 2. HP: 12/13 MP: 3/5
   764 | D:1      | Reached skill level 3 in Stealth
   769 | D:1      | Reached XP level 3. HP: 16/16 MP: 6/6
  1182 | D:2      | Succumbed to an adder's poison

Illustrated notes

Levels and vault maps discovered:
D:1:      dpeg_arrival_signposts, layout_basic, minmay_pentomino_q2
D:2:      layout_loops_ring, hellmonk_ecumenical_altar_pennies_from_heaven

Skill      XL: |  1  2 |
---------------+-------+-----
Stealth        | 3 |  3.2
Axes           | |  0.9
Throwing       | |  2.7
Armour         | |  1.0
Spellcasting   | |  1.4
Transmutations | |  0.9
Poison Magic   | |  2.5
Invocations    | |  1.1

Action                   || total
-------------------------++-------
Melee: Dagger            ||    13
       Hand axe          ||    49
       Bite              ||     9
       Punch             ||     1
Throw: Dart              ||     3
  Use: Potion            ||     1
 Stab: Sleeping          ||     5
Armor: Leather armour    ||    16
Dodge: Dodged            ||    26

Table legend: (Time is in decaauts)
 A = Elapsed time spent in this place.
 B = Non-inter-level travel time spent in this place.
 C = Inter-level travel time spent in this place.
 D = Time resting spent in this place.
 E = Time spent auto-exploring this place.
 F = Levels seen in this place.
 G = Mean time per level.
                   A        B        C        D        E       F      G
               +--------+--------+--------+--------+--------+-----+--------+
         Total |   1194 |   1164 |     30 |    335 |    572 |   2 |  597.0 |
       Dungeon |   1194 |   1164 |     30 |    335 |    572 |   2 |  597.0 |
               +--------+--------+--------+--------+--------+-----+--------+

Top non-repeatable levels by time:
     D:1: 1174 daAuts
     D:2: 20 daAuts
